 Dungeon Crawl Stone Soup version 0.28.0 (webtiles) character file.

Game seed: 8394585493365327018

437 multipassport the Twirler (level 6, -7/42 HPs)
             Began as a Demonspawn Wanderer on Feb 12, 2022.
             Killed by divine providence
             ... invoked by an orc priest
              (12 damage)
             ... on level 5 of the Dungeon.
             The game lasted 00:10:26 (4138 turns).

multipassport the Twirler (Demonspawn Wanderer)     Turns: 4138, Time: 00:10:26

Health: -7/42      AC:  4    Str: 10    XL:     6   Next: 69%
Magic:  6/11       EV: 13    Int: 17    God:
Gold:   241        SH:  0    Dex: 16    Spells: 8/12 levels left

rFire   . . .      SeeInvis .   a - +2 quarterstaff
rCold   + . .      Faith    .   (shield currently unavailable)
rNeg    . . .      Spirit   .   c - +0 robe
rPois   +          Reflect  .   (no helmet)
rElec   +          Harm     .   (no cloak)
rCorr   .          Rampage  .   m - +0 pair of gloves
Will    .....                   (no boots)
Stlth   +.........              o - amulet of the acrobat
HPRegen 0.14/turn               e - ring of poison resistance
MPRegen 0.12/turn               j - ring of Perchak {Contam Fly rElec rC+ Int+3}

@: about to teleport, flying
A: rugged brown scales 1, spiny 1, demonic touch 1
a: no special abilities


You were on level 5 of the Dungeon.
You visited 1 branch of the dungeon, and saw 5 of its levels.

You collected 241 gold pieces.

Inventory:

Hand Weapons
 a - a +2 quarterstaff (weapon)
Armour
 c - a +0 robe (worn)
 m - a +0 pair of gloves (worn)
Magical Staves
 n - a staff of poison
Jewellery
 e - a ring of poison resistance (left hand)
 g - a ring of flight
 j - the ring of Perchak (right hand) {Contam Fly rElec rC+ Int+3}
   (You found it on level 4 of the Dungeon)

   [ring of flight]

   Int:       It affects your intelligence (+3).
   rC:        It protects you from cold.
   rElec:     It insulates you from electricity.
   Fly:       It grants you flight.
   Contam:    It causes magical contamination when unequipped.
 o - an amulet of the acrobat (around neck)
Wands
 b - a wand of flame (4)
Scrolls
 h - a scroll of summoning {unknown}
 r - a scroll of enchant armour {unknown}
Potions
 d - a potion of heal wounds
 f - a potion of might
 k - a potion of mutation {unknown}
 l - 2 potions of curing {unknown}
 p - a potion of brilliance {unknown}
 q - a potion of magic {unknown}


   Skills:
 + Level 4.9 Staves
 + Level 3.1 Dodging
 + Level 3.6 Spellcasting
 + Level 3.4 Summonings
 - Level 2.0 Evocations


You had 8 spell levels left.
You knew the following spells:

 Your Spells              Type           Power      Damage    Failure   Level
a - Summon Small Mammal   Summ           56%        N/A       4%          1
b - Call Canine Familiar  Summ           14%        N/A       12%         3

Your spell library contained the following spells:

 Spells                   Type           Power      Damage    Failure   Level


Dungeon Overview and Level Annotations

Branches:
Dungeon (5/15)
 Temple: D:4-7

Altars:


Innate Abilities, Weirdness & Mutations

You are partially covered in rugged brown scales. (AC +1, +3% HP)
You are partially covered in sharp spines.
Your touch may inflict minor irresistible damage on your foes.


Message History

A hound comes into view.
A bullfrog skeleton comes into view.
You closely miss the orc. The orc is struck by your spines.
The orc hits you with a +0 falchion.
An orc comes into view. It is wielding a +0 club.
The hound bites you.
The orc priest shouts!
The hound barks!
The orc shouts!
You sock the orc!
You kill the orc!
The orc priest looks encouraged for a moment.
An orc priest comes into view. It is wielding a +0 short sword.
The hound bites you but does no damage.
The hound pauses to sniff the ground.
As you read the scroll of teleportation, it crumbles to dust.
You feel strangely unstable. The hound is struck by your spines.
The hound bites you.
The howler monkey is struck by your spines.
The howler monkey closely misses you. The hound is struck by your spines.
The hound bites you but does no damage.
You feel much better.
The orc priest calls down the wrath of Beogh upon you.
Beogh smites you! The hound barely misses you.
The howler monkey hoots and howls with incredible vigour!
The nameless horror hits you.
You feel your power leaking away.
You hear a shout! x2; You hear an angry hiss.
You hear a shout!
You hit the hound.
The hound is heavily wounded.
The hound is struck by your spines. The hound barely misses you.
The orc priest calls down the wrath of Beogh upon you.
Beogh smites you!
* * * LOW HITPOINT WARNING * * *
An orc comes into view. It is wielding a +0 hand axe.
The howler monkey is struck by your spines.
The howler monkey hits you.
* * * LOW HITPOINT WARNING * * *
The nameless horror barely misses you. The hound is struck by your spines.
You kill the hound!
The orc priest invokes the aid of Beogh against you.
Beogh smites you!
You die...

#........#
#........#
#........###
#...........
####...........
#..............
####.##...........
#....####X...o....
#....# ##@hoo..oo
###...X##
###h.o...
#.......#### .Z...
#.#......... ....
#.#....##### ...
####.#....##### ..
.........#..... .
...........####
......$..### .


You could see a nameless horror, a howler monkey (catching breath), a hound, 3
orc priests, 3 orcs and a bullfrog skeleton.

Vanquished Creatures
  A water moccasin (D:4)
  A necrophage (D:4)
  A hound (D:5)
  A howler monkey skeleton (D:4)
  4 adders
  4 worms
  A dart slug (D:3)
  2 orcs
  4 bats
  7 endoplasms
  A giant cockroach (D:2)
  10 goblins
  7 hobgoblins
  11 jackals
  5 quokkas
  7 ball pythons
  4 frilled lizards (D:1)
  10 kobolds
  6 rats
87 creatures vanquished.

Vanquished Creatures (collateral kills)
  A wyvern zombie (D:5)
  A centaur skeleton (D:4)
  A dart slug (D:3)
  2 endoplasms
  A goblin (D:4)
  A hobgoblin (D:4)
  A rat (D:3)
8 creatures vanquished.

Grand Total: 95 creatures vanquished

Notes
Turn   | Place    | Note
-------+----------+-------------------------------------------
     0 | D:1      | multipassport the Demonspawn Wanderer began the quest for
                  | the Orb.
     0 | D:1      | multipassport set off with the following items: a +2
                  | quarterstaff, a wand of flame (4), a +0 robe; and the
                  | following spell memorised: Summon Small Mammal; and the
                  | following spells available to memorise: Call Canine
                  | Familiar
     0 | D:1      | Reached XP level 1. HP: 13/13 MP: 3/3
   126 | D:1      | Gained mutation: You are partially covered in sharp spines.
                  | [demonic ancestry]
   126 | D:1      | Reached XP level 2. HP: 8/19 MP: 1/5
   726 | D:1      | Found a faded altar of an unknown god.
   975 | D:2      | Reached XP level 3. HP: 16/24 MP: 2/6
  1531 | D:2      | Reached skill level 4 in Staves
  1719 | D:3      | You fall into a shaft and drop 1 floor!
  1732 | D:4      | Gained mutation: Your touch may inflict minor irresistible
                  | damage on your foes. [demonic ancestry]
  1732 | D:4      | Reached XP level 4. HP: 22/30 MP: 4/8
  2676 | D:4      | Identified the ring of Perchak {Contam Fly rElec rC+ Int+3}
  2708 | D:4      | Gained mutation: You are partially covered in rugged brown
                  | scales. (AC +1, +3% HP) [demonic ancestry]
  2708 | D:4      | Reached XP level 5. HP: 30/36 MP: 9/9
  3207 | D:4      | Noticed a necrophage
  3228 | D:4      | Killed a necrophage
  3381 | D:4      | Reached XP level 6. HP: 41/42 MP: 7/10
  3855 | D:5      | Entered Level 5 of the Dungeon
  3855 | D:5      | Noticed a water moccasin
  3872 | D:4      | Killed a water moccasin
  4088 | D:4      | Learned a level 3 spell: Call Canine Familiar
  4138 | D:5      | Killed from afar by an orc priest

Illustrated notes

Levels and vault maps discovered:
D:1:      roderic_dead_forest, layout_rooms, shapermc_ecumenical_altar_pompeii,
          corner_web_ring
D:2:      layout_loops_ring
D:3:      layout_loops_ring, kennysheep_donut
D:4:      cheibrodos_greedy_goblins, layout_basic
D:5:      layout_rooms

Skill      XL: |  1  2  3  4  5  6 |
---------------+-------------------+-----
Staves         | 4 |  4.9
Summonings     | 2 3 |  3.4
Dodging        | 2 3 |  3.1
Spellcasting   | 3 |  3.6
Evocations     | |  2.0

Action                   |  1- 3 |  4- 6 || total
-------------------------+-------+-------++-------
Melee: Quarterstaff      |    64 |    85 ||   149
 Cast: Summon Small Mamm |    27 |    42 ||    69
       Call Canine Famil |       |     1 ||     1
  Use: Scroll            |     7 |     1 ||     8
       Potion            |       |     1 ||     1
 Stab: Sleeping          |     2 |     2 ||     4
       Distracted        |     2 |       ||     2
Armor: Robe              |     7 |    16 ||    23
Dodge: Dodged            |    45 |    60 ||   105
